Cogmind - Beta 16.1 @@@ ROGUE MODE // 2026.03.19 @ 23:04:16 Player: Trione Result: Destroyed by NK-VX8(j) with Overtuned Pulse Rifle Performance ------------- Evolutions (0) 0 Regions Visited (3) 600 Robots Destroyed (9) 45 Value Destroyed (218) 218 Prototype IDs (14) 280 Alien Tech Used (0) 0 Bonus (789) 789 TOTAL SCORE: 1932 Bonus ------- Registered with UFD 300 Met Optimus in HQ 500 Friendly Fire -11 Cogmind --------- Core Integrity 0/250 Matter 259/300 Energy 136/275 System Corruption 1% Temperature Warm (114) Movement Walking (100) Location -8/Scraptown Parts ------- > --- POWER (1) -------- Deuterium Engine > --- PROPULSION (2) --- Overtuned Titanium Leg Overtuned Titanium Leg > --- UTILITY (2) ------ Large Storage Unit Advanced Visual Processing Unit > --- WEAPON (2) ------- Overtuned Barrage Gun Gauss Rifle > --- INVENTORY (15) --- Light Deuterium Engine Overtuned Titanium Leg VSS Leg Scrap Suit Matter Compressor (250) Triangulator Hardened Heavy Armor Plating Improved Hacking Suite Beamcaster Grenade Launcher Makeshift Spear DRS Beacon (Ready) Peak State ------------ > --- POWER ------------ Light Deuterium Engine > --- PROPULSION ------- Overtuned Titanium Leg Overtuned Titanium Leg > --- UTILITY ---------- Large Storage Unit Advanced Visual Processing Unit > --- WEAPON ----------- Barrage Gun Gauss Rifle > --- INVENTORY -------- Deuterium Engine Overtuned Titanium Leg Overtuned Titanium Leg Scrap Suit Matter Compressor Triangulator Hardened Heavy Armor Plating Improved Hacking Suite Overtuned Pulse Rifle Beamcaster Grenade Launcher Makeshift Spear DRS Beacon [Rating: 25] Favorites ----------- Power Light Ion Engine Engine Light Ion Engine Propulsion Aluminum Leg Leg Aluminum Leg Wheel Wheel Utility Large Storage Unit Device Sensor Array Storage Large Storage Unit Processor Advanced Visual Processing Unit Weapon Medium Laser Energy Gun Medium Laser Energy Cannon Particle Cannon Ballistic Gun Barrage Gun Build | -11 -10 -10 -8 ------- Run | Yrd Mat Sub Scr Slots Evolved . | . . . . Power . | . . . . Propulsion . | . . . . Utility . | . . . . Weapon . | . . . . Parts Attached 33 | 7 2 2 22 Power 4 | 1 . . 3 Engine 4 | 1 . . 3 Core . | . . . . Reactor . | . . . . Propulsion 11 | 2 . 2 7 Treads . | . . . . Leg 9 | . . 2 7 Wheel 2 | 2 . . . Hover . | . . . . Flight . | . . . . Utility 7 | 1 2 . 4 Device 3 | . 1 . 2 Storage 3 | 1 1 . 1 Processor 1 | . . . 1 Hackware . | . . . . Protection . | . . . . Artifact . | . . . . Weapon 11 | 3 . . 8 Energy Gun 5 | 2 . . 3 Energy Cannon 1 | . . . 1 Ballistic Gun 5 | 1 . . 4 Ballistic Cannon . | . . . . Launcher . | . . . . Special Weapon . | . . . . Impact Weapon . | . . . . Slashing Weapon . | . . . . Piercing Weapon . | . . . . Special Melee Weapon . | . . . . Unidentified Prototypes . | . . . . Parts Lost 2 | . . . 2 Power 1 | . . . 1 Propulsion . | . . . . Utility . | . . . . Weapon 1 | . . . 1 Highest Loss Streak 2 | . . . 2 To Critical Strikes . | . . . . Average Backups 13 | 3 7 8 13 Power 1 | . 1 2 1 Propulsion . | 2 2 1 . Utility 6 | . 1 2 7 Weapon 3 | . 1 2 3 Tool/Special . | . . . . Unused Backups 28 | . 2 . 26 Power 3 | . . . 3 Propulsion 4 | . 2 . 2 Utility 14 | . . . 14 Weapon 6 | . . . 6 Tool/Special 1 | . . . 1 Average Slot Usage (%) 99 | . 97 100 99 Engine 14 | . 14 14 14 Leg 26 | . . 11 28 Wheel 1 | . 28 16 . Device 13 | . 11 14 13 Storage 14 | . 14 14 14 Energy Gun 26 | . 28 28 26 Peak Build Rating 25 | 6 7 7 25 Average Rating 10 | 4 6 7 11 On Entrance 5 | . 6 7 7 Avg Prop Armor Cover (%) . | . . . . Naked Turns . | . . . . Heaviest Build 36 | 12 16 13 36 Greatest Support 38 | 20 20 20 38 Greatest Overweight (x) 1 | 1 . . 1 Average Overweight (x) . | . . . . Largest Inventory Capacity 15 | 8 8 8 15 Average Capacity 14 | 7 8 8 14 Most Carried 15 | 6 8 8 15 Average Carried 13 | 4 7 7 14 Final Capacity 15 | 8 8 8 15 Final Carried 14 | 6 8 8 14 Class Distribution -------------------- 95% | Mutant 4% | Scavenger-Mutant Dominant Class ---------------- Mutant | -10/Materials Mutant | -10/Subcaves Mutant | -8/Scraptown Resources | -11 -10 -10 -8 ----------- Run | Yrd Mat Sub Scr Matter Collected 1242 | 270 109 122 741 Remotely . | . . . . Salvage Created 356 | 55 99 73 129 Parts 19 | . 5 5 9 Haulers Intercepted . | . . . . Recyclers Shooed 1 | . 1 . . Parts Field Recycled . | . . . . Retrieved Matter . | . . . . Parts Self-Destructed 6 | . . 6 . Prevented . | . . . . Parts Restored . | . . . . Kills | -11 -10 -10 -8 ------- Run | Yrd Mat Sub Scr Combat Hostiles Destroyed 7 | . 2 2 3 Guns 7 | . 2 2 3 Classes Destroyed 6 | 1 1 2 2 Recycler 2 | 1 1 . . Swarmer 2 | . 2 . . Grunt 1 | . . 1 . Subdweller 1 | . . 1 . Federalist 1 | . . . 1 Guru 2 | . . . 2 Best Kill Streak 2 | 1 2 1 2 Combat Bots Only 2 | . 2 1 2 Max Kills in Single Turn 1 | 1 1 1 1 Gunslinging . | . . . . Exploded . | . . . . Melee . | . . . . Uniques/NPCs Destroyed . | . . . . Combat | -11 -10 -10 -8 -------- Run | Yrd Mat Sub Scr Hostile Shots Fired 84 | . 3 2 79 Missed 26 | . 2 . 24 Hits 58 | . 1 2 55 Projectile 58 | . 1 2 55 Critical Strikes 4 | . . . 4 Damage Taken 986 | . 9 40 937 Core 250 | . . 17 233 Absorbed by Shields . | . . . . Core Remaining (%) 100 | 100 . . . Volleys Fired 36 | 5 11 4 16 Largest 2 | 2 2 2 2 Hottest 160 | 100 100 100 160 Shots Fired 71 | 10 22 8 31 Gun 71 | 10 22 8 31 Cannon . | . . . . Launcher . | . . . . Special . | . . . . Kinetic 22 | . . . 22 Thermal 49 | 10 22 8 9 Explosive . | . . . . Electromagnetic . | . . . . Robot Hit Streak 6 | 3 5 6 5 Robot Miss Streak 7 | 1 6 1 7 Penetration Max . | . . . . Secondary Targets 1 | . 1 . . Max Gunslinging Chain 1 | . 1 . . Shots Hit Robots 34 | 7 10 6 11 Core Hits 15 | 1 4 6 4 Critical Kills . | . . . . Critical Parts Destroyed . | . . . . Critical Strikes 6 | 3 1 1 1 Burn 6 | 3 1 1 1 Melee Attacks . | . . . . Impact . | . . . . Slashing . | . . . . Piercing . | . . . . Sneak Attacks . | . . . . Combat Hostiles . | . . . . Follow-up Attacks . | . . . . Damage Inflicted 438 | 88 121 75 154 Guns 438 | 88 121 75 154 Cannons . | . . . . Explosions . | . . . . Melee . | . . . . Ramming . | . . . . Kinetic 112 | . . . 112 Thermal 326 | 88 121 75 42 Explosive . | . . . . Electromagnetic . | . . . . Impact . | . . . . Slashing . | . . . . Piercing . | . . . . Highest Corruption 1 | . . . 1 Average Corruption 1 | . . . 1 Corruption Purged . | . . . . Corruption Blocked . | . . . . Effects 4 | . . . 4 Message Errors 1 | . . . 1 Matter Fused 1 | . . . 1 Heat Flow Errors 1 | . . . 1 Data Loss (minor) 1 | . . . 1 Overload Shots . | . . . . Overflow Damage . | . . . . Projectiles . | . . . . Explosions . | . . . . Melee . | . . . . Knockbacks . | . . . . Impact . | . . . . Kinetic . | . . . . Secondary . | . . . . Self-Inflicted Damage . | . . . . Shots . | . . . . Rammed . | . . . . Targets Rammed . | . . . . Kicked . | . . . . Crushed . | . . . . Highest Temperature 243 | 78 175 . 243 Average Temperature 68 | 41 84 . 66 Received Heat Transfer 487 | . . 21 466 Siege Activations . | . . . . Martial Activations . | . . . . Shielding Activations . | . . . . Robots Disrupted . | . . . . Combat Hostiles . | . . . . Robots Corrupted . | . . . . Combat Hostiles . | . . . . Parts Fried . | . . . . Impact Corruptions . | . . . . Robots Melted . | . . . . Combat Hostiles . | . . . . Parts Melted 1 | . . 1 . Heat Transferred 1406 | 481 444 296 185 Parts Sabotaged . | . . . . Parts Stolen . | . . . . Parts Stripped . | . . . . Power Chain Reactions . | . . . . Alert | -11 -10 -10 -8 ------- Run | Yrd Mat Sub Scr Maximum Alert Level . | . . . . Low Security (%) 100 | 100 100 . . Level 1 . | . . . . Level 2 . | . . . . Level 3 . | . . . . Level 4 . | . . . . Level 5 . | . . . . High Security . | . . . . Max Security . | . . . . Peak Influence 30 | 5 30 . . Initial . | . . . . Average 6 | . 8 . . Influence Increases 73 | 5 48 20 . Destroy 0b10 Robot/C 60 | . 40 20 . Destroy 0b10 Robot/NC 10 | 5 5 . . Successful Hack 3 | . 3 . . Influence Decreases 73 | 5 48 20 . Time Decay 65 | 5 40 20 . Purge Threat 8 | . 8 . . Squads Dispatched 2 | . 2 . . Investigation 1 | . 1 . . Extermination . | . . . . Reinforcement 1 | . 1 . . Assault . | . . . . Garrison . | . . . . Intercept . | . . . . Searches Triggered . | . . . . Construction Impeded . | . . . . Haulers Reinforced . | . . . . Active Scanning Responses . | . . . . Cargo Convoy Interrupts . | . . . . Stealth | -11 -10 -10 -8 --------- Run | Yrd Mat Sub Scr Distress Signals 2 | . 2 . . Communications Jammed . | . . . . Distress Signals . | . . . . Times Spotted 40 | . 11 3 26 Peak Tracking Total 10 | . 10 2 5 Tactical Retreats 1 | . . . 1 Traps | -11 -10 -10 -8 ------- Run | Yrd Mat Sub Scr Traps Triggered . | . . . . Indirectly . | . . . . Trap Hack Attempts . | . . . . Triggered . | . . . . Disarmed . | . . . . Reprogrammed . | . . . . Reused . | . . . . Traps Extracted . | . . . . Installed . | . . . . Triggered . | . . . . Machines | -11 -10 -10 -8 ---------- Run | Yrd Mat Sub Scr Machines Disabled 1 | . . . 1 Max in Single Turn 1 | . . . 1 Machines Repaired . | . . . . Machines Dismantled . | . . . . Machines Sabotaged . | . . . . Overloaded Fab Kills . | . . . . Hacking | -11 -10 -10 -8 --------- Run | Yrd Mat Sub Scr Machines Accessed 7 | . 1 . 6 Terminals 1 | . 1 . . Fabricators . | . . . . Repair Stations . | . . . . Recycling Units . | . . . . Scanalyzers . | . . . . Garrison Access . | . . . . Total Hacks 42 | . 3 . 39 Successful 41 | . 2 . 39 Failed 1 | . 1 . . Catastrophic . | . . . . Database Lockouts . | . . . . Manual 2 | . 2 . . Terminals 3 | . 3 . . Fabricators . | . . . . Repair Stations . | . . . . Recycling Units . | . . . . Scanalyzers . | . . . . Garrison Access . | . . . . Terminal Hacks 40 | . 1 . 39 Record 38 | . . . 38 Unreport Threat 1 | . 1 . . Proto ID Catalog 1 | . . . 1 Fabricator Hacks . | . . . . Repair Station Hacks . | . . . . Recycling Unit Hacks . | . . . . Scanalyzer . | . . . . Garrison Access Hacks . | . . . . Unauthorized Hacks 1 | . 1 . . Terminals 1 | . 1 . . Track 1 | . 1 . . Fabricators . | . . . . Repair Stations . | . . . . Recycling Units . | . . . . Scanalyzers . | . . . . Garrison Access . | . . . . Data Cores Recovered . | . . . . Used . | . . . . Hacking Detections 1 | . 1 . . Full Trace Events . | . . . . Feedback Events . | . . . . Feedback Blocked . | . . . . Robot Schematics Acquired . | . . . . Robots Built . | . . . . Authchips . | . . . . Time . | . . . . Total Robot Build Rating . | . . . . Part Schematics Acquired . | . . . . Parts Built . | . . . . Authchips . | . . . . Time . | . . . . Total Part Build Rating . | . . . . Part Studies Acquired . | . . . . Parts Repaired . | . . . . Time . | . . . . Parts Recycled . | . . . . Recycled Matter . | . . . . Retrieved Matter . | . . . . Retrieved Components . | . . . . Parts Scanalyzed . | . . . . Part Schematics Acquired . | . . . . Parts Damaged . | . . . . Bothacking | -11 -10 -10 -8 ------------ Run | Yrd Mat Sub Scr Used RIF Installer . | . . . . Robots Hacked . | . . . . Non-combat . | . . . . Combat . | . . . . Robot Hacks Applied . | . . . . Relay Couplers Released . | . . . . Fabnet Peak Effective % . | . . . . Robots Rewired . | . . . . Allies Hacked . | . . . . Hacks Repelled . | . . . . Allies | -11 -10 -10 -8 -------- Run | Yrd Mat Sub Scr Total Allies 1 | . . . 1 Largest Group 1 | . . . 1 Highest-Rated Group 70 | . . . 70 Highest-Rated Ally 70 | . . . 70 Total Orders . | . . . . Ally Attacks 4 | . . . 4 Total Damage 110 | . . . 110 Kills . | . . . . Allies Corrupted . | . . . . Allies Melted 5 | . . . 5 Intel | -11 -10 -10 -8 ------- Run | Yrd Mat Sub Scr Active Infowar (turns) 4369 | . 133 248 3988 Optics 210 | . . . 210 Sensors 2906 | . . . 2906 Seismic 1159 | . 133 248 778 Triangulation 94 | . . . 94 Robot Analysis Total . | . . . . Derelict Logs Recovered 1 | . . 1 . Drone Launches . | . . . . Drone Recoveries . | . . . . Exploration | -11 -10 -10 -8 ------------- Run | Yrd Mat Sub Scr Turns Passed 4468 | 72 156 248 3992 Spaces Moved 2467 | 52 136 169 2110 Core 3 | 3 . . . Treads . | . . . . Legs 2158 | . . 48 2110 Wheels 306 | 49 136 121 . Hover . | . . . . Flight . | . . . . Fastest Speed 50 | 50 80 80 100 Average Speed 168 | 78 80 91 182 Slowest Speed 190 | 95 80 120 190 Overloaded Moves . | . . . . Propulsion Burnouts . | . . . . Robots Hopped . | . . . . Potential Cave-ins . | . . . . Cave-ins Triggered . | . . . . Exploration Rate (%) 39 | 4 46 18 90 Regions Visited 3 Branch Regions 2 Pre-discovered Areas . | . . . . Known Exits Taken . | . . . . Unknown Exits Taken 3 | 1 1 1 . Scrap Searched 5 | . . . 5 Spaces Dug . | . . . . Terrain Destroyed . | . . . . Melee . | . . . . Projectile . | . . . . AOE . | . . . . Terrain Rammed . | . . . . Walls Destroyed . | . . . . Machines Disabled . | . . . . Actions | -11 -10 -10 -8 --------- Run | Yrd Mat Sub Scr Total 2726 | 69 160 254 2243 Wait 95 | . 6 78 11 Move 2464 | 51 135 168 2110 Hop . | . . . . Pick Up 46 | 6 4 1 35 Fast Attach 13 | 6 1 . 6 Attach 3 | . . . 3 Detach . | . . . . Swap 21 | 1 1 2 17 Drop 47 | . 2 1 44 Fire 36 | 5 11 4 16 Melee . | . . . . Ram . | . . . . Kick . | . . . . Crush . | . . . . Escape Stasis . | . . . . Rewire 1 | . . . 1 Trap . | . . . . Miscellaneous . | . . . . Route ------- -11/Scrapyard -10/Materials (discovered 3 exits: [*Mat] / [*Min] / [*Sub]) -10/Subcaves (discovered 2 exits: Rec / *Scr) -8/Scraptown (discovered 2 exits: [*Fac x2]) History --------- Turn | Location | Event 5 | -11/Scrapyard | Discovered new exit (range 15) 73 | -11/Scrapyard | Entered Materials 74 | -10/Materials | Met a group of wandering Federalists 142 | -10/Materials | Discovered new exit (range 12) 203 | -10/Materials | Discovered new exit (range 15) 215 | -10/Materials | Discovered new exit (range 10) 229 | -10/Materials | Entered Subcaves 229 | -10/Subcaves | Accompanied by 1 ally 230 | -10/Subcaves | Continued accompanying wandering Federalists (2) 243 | -10/Subcaves | Identified exit to Recycling 313 | -10/Subcaves | Build established: Mutant 451 | -10/Subcaves | Wandering Federalist uncovered a shortcut to Scraptown 477 | -10/Subcaves | Entered Scraptown 1195 | -8/Scraptown | Discovered new exit (range 4) 1538 | -8/Scraptown | Visited Spacefarers 1669 | -8/Scraptown | Visited Assassins FH 1718 | -8/Scraptown | Visited Comm Corps 2594 | -8/Scraptown | Visited Junk Repository 2669 | -8/Scraptown | Visited IN-MT5's Study 2782 | -8/Scraptown | Visited UFD Registry 2820 | -8/Scraptown | Visited TADAMA 2862 | -8/Scraptown | Visited Shadow of the Wyrm 3017 | -8/Scraptown | Registered with UFD as "Wiredome" 3088 | -8/Scraptown | Visited LU-1G1's Boring Crew 3274 | -8/Scraptown | Visited Botcube Research 3339 | -8/Scraptown | Visited Derelict Rescue Squad 3364 | -8/Scraptown | Found DRS Beacon 3496 | -8/Scraptown | Visited Curators Association 3608 | -8/Scraptown | Visited Abandonware Association 3638 | -8/Scraptown | Learned abandonware demo "ERRANTS.EXE" 3834 | -8/Scraptown | Discovered new exit (range 5) 3904 | -8/Scraptown | Visited Science Guys 3967 | -8/Scraptown | Visited Research Penetration Think Tank 4049 | -8/Scraptown | Met Optimus 4049 | -8/Scraptown | Accepted into 0bPrime 4151 | -8/Scraptown | Visited Infowarlord's Domain 4192 | -8/Scraptown | Civil war broke out across Scraptown 4321 | -8/Scraptown | Found Scrap Suit 4345 | -8/Scraptown | Found Botcube 4367 | -8/Scraptown | Botcube activated 4376 | -8/Scraptown | Lost 15 allies 4384 | -8/Scraptown | Optimus destroyed in the chaos of civil war 4385 | -8/Scraptown | Botcube completed mutation into hovering form, armed with 2 guns. 4439 | -8/Scraptown | Core integrity fell below 50% 4454 | -8/Scraptown | Core integrity fell below 20% 4469 | -8/Scraptown | Destroyed by NK-VX8(j) with Overtuned Pulse Rifle Last Messages --------------- 04449_ Acquired 10 matter. 04449_ Critical hit (Burn: +50). 04452_ Dropped Lgt. Deuterium Engine. 04453_ LOCPCQ>MKAYYNYOW6RQ8TG40:B4KAU 04453_ Y8-U89(j) destroyed. 04455_ Acquired 10 matter. 04456_ PY-WC9(g) destroyed. 04459_ Dropped Ovr. Titanium Leg. 04459_ HY-U5A(g) destroyed. 04459_ 5C-HG2(j) destroyed. 04462_ Acquired Ovr. Barrage Gun. 04463_ Lgt. Deuterium Engine destroyed. 04464_ 4B-XHH(j) suffers critical hit (Burn). 04464_ 4B-XHH(j) destroyed. 04465_ U9-2KF(j): "Don't throw away your lives for a pipe dream!" 04465_ Critical hit (Burn: +50). 04466_ BM-GXZ(j) destroyed. 04466_ Slug penetrates 6Y-RXB(j). 04468_ Slug penetrates Wall. Map ----- +----------------------------------------------------+ | | | | | | | | | | | | | | | | | ?????????????????????????????????????????????????? | | ?????????????????????????????????????????????????? | | ?????????????????????????????????????????????????? | | ?????????????????????????????????????????????????? | | ?????????????????????????????????????????????????? | | ?????????????????????????????????????????????????? | | ?????????????????????????????????????????????????? | | ?????????????????????????????????????????????????? | | ?????????????????????????????????????????????????? | | ?????????????????????????????????????????????????? | | ?????????????????????????????????????????????????? | | ???????????????????????????????#####?????????????? | | ???????????????????????????????#"""#?????????????? | | ###################???####?????#" "#?????????????? | | """##"""##""|##"""#??##[[##????# < ##????????????? | | "" ##"" ##"" ##!!"####[=!!######[[![#????????????? | | "" *%= E=[!*[!!%=!=[j%*[[#????????????? | | =! !!%j==!=@[%!!j%!![!#????????????? | | ##################[###=!!=##%####[###????????????? | | ?????????????????????##%[##??????????????????????? | | ??###?###?????????????#*!#############???????????? | | ??#"###"#????????????##[%#"""""""""""#???????????? | | ### "!" ##############[!=#""" X """""#???????????? | | " """ "##""""""""";[*["""" """#???????????? | | #"" ""#?# " " !"[!%=#""!" "#???????????? | | #$" "&#?# !!%=!%#""" %!! """#???????????? | | #"" ""### "# #"=[#j #"" [[!=""""#???????????? | | " "## "#X#" !#=*# =%=%! ""#???????????? | | #"" % ""### "###" # !"!=* ""#???????????? | | #=" "!#?# """"" #! #& ""!= ""#???????????? | | #"" ""### #%*#" #???????????? | | " "## #![* "#???????????? | | ##### ########### #####!%##%=#########???????????? | | ##### ########### #####/!#[=###########??????????? | | """"" """"""""" " *!%!==[##"""""""#??????????? | | =%=%=!%=%!=# """"""#??????????? | | = % =%/!![!%[[ # ""#??????????? | | [% ! !![ !%=## ""#??????????? | | ! [ !! [%=%## ""#??????????? | | =%* = %! !!* "#??????????? | | """"""""""""""""""""[%!%= ! ## ""#??????????? | | """""""""""""""""""""!%= ## " """"#??????????? | +----------------------------------------------------+ Best States ------------- Heat Dissipation 25 Energy Generation 14 Energy Capacity 140 Matter Stores 300 Matter Capacity 300 Sight Range 20 Robot Scan Range 14 Terrain Scan Density 10 Evasion (%) 55 Item Schematics ----------------- None Robot Schematics ------------------ None Fabricated ------------ Nothing Repaired ---------- Nothing Studied --------- None Alien Tech Used ----------------- None Achievements -------------- Civilization 2243 Frankenstein Link The Feds Plot Armor Strength In Numbers Challenges ------------ None Game ------ Seed SpliceWeldingPlating Manual? 0 Play Time 02:25:13 Cumulative 73.1 hours Start 2026.03.12 @ 22:16:11 End 2026.03.19 @ 23:04:16 Sessions 5 Manual Loads 0 Difficulty Rogue Special Mode None Game No. 17 Rogue 17 Adventurer 0 Explorer 0 Win Type - Total 0 Types 0/0/0/0/0/0/0/0/0/0 Lore% 20 Gallery% 27 Achievement% 18 Wizard Run 0 Options --------- Layout 0 ASCII 1 Keyboard 1 Movement Numpad Keybinds 1 Fullscreen 2 Font 20/X11 Map View 66x50 Zoom Use 0% Tactical HUD 1 Map Filters NONE Filters NONE Steam 1 RUN: 7e69a127-8353-4253-ab94-50c4062251c3